Cogmind - Beta 16 @@@ ROGUE MODE // 2025.11.28 @ 17:32:00 Player: dp-fld Result: Destroyed by S-27 Virus with Autogun Performance ------------- Evolutions (6) 3000 Regions Visited (14) 2800 Robots Destroyed (195) 975 Value Destroyed (7472) 7472 Prototype IDs (32) 640 Alien Tech Used (0) 0 Bonus (5483) 5483 TOTAL SCORE: 20370 Bonus ------- High Alert Combat Kills 1111 Follower Combat Kills 3302 Network Hubs Disabled 400 Built Enhanced Grunts 300 A7 Reached Mainframe 300 Met R17 at Cetus 500 Friendly Fire -430 Cogmind --------- Core Integrity 0/1150 Matter 300/300 Energy 100/100 System Corruption 11% Temperature Cool (0) Movement Core (50) Location -4/Factory Parts ------- > --- POWER (1) -------- (None) > --- PROPULSION (6) --- (None) > --- UTILITY (8) ------ Improved Targeting Computer > --- WEAPON (4) ------- (None) > --- INVENTORY (5) ---- Advanced Terrain Scan Processor Improved Hacking Suite Dynamic Insulation System Smartbomb Launcher Peak State ------------ > --- POWER ------------ Quantum-Nuclear Reactor > --- PROPULSION ------- Thunder Leg Thunder Leg FC-Centrium Exoskeleton > --- UTILITY ---------- Armored Scrap Engine Advanced Cooling System High-capacity Storage Unit Enhanced Optical Array Centrium Medium Armor Plating Experimental Thermal Shield Advanced Hacking Suite > --- WEAPON ----------- Hyp. KE Penetrator Construct/G Kinetic Bore Construct/C Directed Plasma Construct/G > --- INVENTORY -------- Fission Core Myomer Leg Advanced Heat Sink Advanced Energy Well Advanced Sensor Array Advanced Terrain Scan Processor Advanced Particle Charger Hardened Light Armor Plating Hardened Light Armor Plating Centrium Medium Armor Plating Centrium Medium Armor Plating Improved Hacking Suite Improved Hacking Suite Advanced System Shield Dynamic Insulation System Disruptor Cannon Heavy Phase Cannon Smartbomb Launcher Scythe [Rating: 118] Favorites ----------- Power Nuclear Core Engine Ion Engine Power Core Nuclear Core Reactor Constructs Propulsion Improved Carbon-fiber Leg Treads Improved Treads Leg Improved Carbon-fiber Leg Utility High-capacity Storage Unit Device Advanced Cooling System Storage High-capacity Storage Unit Processor Advanced Visual Processing Unit Hackware Advanced Hacking Suite Protection Improved Medium Armor Plating Weapon Precision Beam Rifle Energy Gun Precision Beam Rifle Energy Cannon Neutron Cannon Ballistic Gun Light Assault Rifle Ballistic Cannon Improved Light Cannon Launcher Rocket Array Impact Weapon Maul Slashing Weapon Scythe Build | -11 -10 -10 -8 -7 -7 -7 -5 -5 -5 -5 -5 -5 -5 -4 ------- Run | Yrd Mat Sub Mat Fac Sto Rec Fac Was Fac Ext Cet Arc Hub Fac Slots Evolved 12 | . . . 4 2 . . 4 . . . . . . 2 Power . | . . . . . . . . . . . . . . . Propulsion 4 | . . . 2 . . . 1 . . . . . . 1 Utility 6 | . . . 2 1 . . 3 . . . . . . . Weapon 2 | . . . . 1 . . . . . . . . . 1 Parts Attached 128 | 1 13 2 35 9 5 4 3 2 8 14 1 . 8 23 Power 12 | . 1 . 4 . . 1 . 1 . 1 . . . 4 Engine 2 | . . . 1 . . . . . . . . . . 1 Core 8 | . 1 . 3 . . 1 . 1 . 1 . . . 1 Reactor 2 | . . . . . . . . . . . . . . 2 Propulsion 34 | . 6 . 10 3 . 2 . . 4 2 . . 1 6 Treads 4 | . 2 . 2 . . . . . . . . . . . Leg 30 | . 4 . 8 3 . 2 . . 4 2 . . 1 6 Wheel . | . . . . . . . . . . . . . . . Hover . | . . . . . . . . . . . . . . . Flight . | . . . . . . . . . . . . . . . Utility 50 | 1 3 . 9 5 1 1 2 . 3 8 1 . 7 9 Device 18 | 1 . . 3 1 . 1 2 . 1 1 . . 5 3 Storage 5 | . 2 . 1 . . . . . 1 . . . 1 . Processor 5 | . . . . 3 . . . . . 1 . . . 1 Hackware 4 | . . . . . . . . . . 2 . . . 2 Protection 18 | . 1 . 5 1 1 . . . 1 4 1 . 1 3 Artifact . | . . . . . . . . . . . . . . . Weapon 32 | . 3 2 12 1 4 . 1 1 1 3 . . . 4 Energy Gun 16 | . . . 7 . 3 . 1 . . 2 . . . 3 Energy Cannon 4 | . . . . 1 . . . 1 . 1 . . . 1 Ballistic Gun 2 | . . . 1 . . . . . 1 . . . . . Ballistic Cannon 4 | . 2 2 . . . . . . . . . . . . Launcher 3 | . 1 . 1 . 1 . . . . . . . . . Special Weapon . | . . . . . . . . . . . . . . . Impact Weapon 2 | . . . 2 . . . . . . . . . . . Slashing Weapon 1 | . . . 1 . . . . . . . . . . . Piercing Weapon . | . . . . . . . . . . . . . . . Special Melee Weapon . | . . . . . . . . . . . . . . . Unidentified Prototypes 16 | . . . 5 . 1 1 1 1 . . 1 . 4 2 Corrupted Parts 1 | . . . . . . . . . . . . . . 1 System Corruption 2 | . . . . . . . . . . . . . . 2 Parts Lost 53 | . . 2 3 2 . 2 3 . . 8 2 . . 31 Power 6 | . . . . . . 1 . . . 1 . . . 4 Propulsion 14 | . . . 2 1 . 1 1 . . 1 . . . 8 Utility 16 | . . . 1 1 . . . . . 2 2 . . 10 Weapon 17 | . . 2 . . . . 2 . . 4 . . . 9 Highest Loss Streak 11 | . . 2 1 2 . 2 2 . . 2 2 . . 11 To Critical Strikes 1 | . . . . . . . . . . . . . . 1 Average Backups 17 | 6 10 14 18 19 20 17 14 19 19 18 19 19 19 14 Power . | 1 . . 1 1 1 . . . . . 1 1 1 . Propulsion 3 | 4 3 6 5 3 3 2 1 1 1 2 2 3 2 . Utility 8 | . 1 2 4 8 9 9 9 15 14 11 10 11 12 11 Weapon 4 | 1 3 5 6 5 5 5 3 3 4 4 4 4 4 2 Tool/Special . | . . . . . . . . . . . . . . . Unused Backups 61 | . 18 4 14 2 2 4 . 2 4 . . 2 . 9 Power 5 | . 2 . . 1 . . . . . . . 1 . 1 Propulsion 14 | . 7 2 5 . . . . . . . . . . . Utility 25 | . 3 1 2 1 2 2 . 2 4 . . 1 . 7 Weapon 14 | . 6 . 6 . . 1 . . . . . . . 1 Tool/Special 3 | . . 1 1 . . 1 . . . . . . . . Average Slot Usage (%) 90 | . 100 100 94 99 99 99 93 94 94 86 80 75 76 64 Engine 1 | . 7 . 1 . . . . . . . . . . 1 Core 5 | . 6 14 7 7 7 7 5 5 5 4 5 . . . Treads 3 | . 3 28 5 . . . . . . . 2 1 . . Leg 22 | . 24 . 29 29 30 29 29 29 29 23 10 9 11 13 Device 10 | . 12 . 11 8 7 6 16 17 17 11 11 11 11 12 Storage 7 | . 14 14 9 7 7 7 5 5 5 5 5 5 5 4 Processor 6 | . . . . 12 15 15 11 11 11 5 5 5 5 9 Hackware 1 | . . . . . . . . . . 3 5 5 5 . Protection 8 | . 1 14 10 7 7 6 4 5 5 9 9 11 9 6 Energy Gun 8 | . . . 11 16 17 15 14 17 9 4 5 11 9 5 Energy Cannon 1 | . . . . . . . . . 5 3 . . 1 3 Ballistic Gun 1 | . 6 . . . . . . . 1 2 4 . . . Ballistic Cannon 6 | . 21 28 6 . . . . . . 1 5 5 5 . Slashing Weapon 1 | . . . . 5 4 6 2 . . . . . . 1 Peak Build Rating 118 | 7 17 17 41 51 52 60 77 81 91 95 112 115 117 118 Average Rating 61 | 6 11 16 36 47 50 49 74 77 85 85 99 105 105 91 On Entrance 61 | 6 7 17 16 40 51 50 60 76 81 91 93 112 103 117 Avg Prop Armor Cover (%) 4 | . . . . . . . 4 4 4 7 4 3 3 . Naked Turns . | . . . . . . . . . . . . . . . Heaviest Build 96 | 14 40 40 75 64 63 59 66 68 75 80 78 83 83 96 Greatest Support 138 | 20 46 46 92 71 71 71 88 70 96 98 93 89 138 138 Greatest Overweight (x) 2 | . 1 . 1 . . . . . . 1 1 1 1 2 Average Overweight (x) . | . . . . . . . . . . . . . . . Largest Inventory Capacity 20 | 8 15 15 20 20 20 20 20 20 20 20 20 20 20 20 Average Capacity 18 | 8 11 15 19 20 20 20 20 20 20 20 20 20 20 19 Most Carried 20 | 7 15 15 20 20 20 20 20 20 20 20 20 20 20 20 Average Carried 17 | 6 10 14 18 18 19 18 14 19 19 18 19 19 19 15 Final Capacity 20 | 8 15 15 20 20 20 20 20 20 20 20 20 20 20 5 Final Carried 20 | 6 15 13 20 20 20 18 20 20 19 20 19 20 19 5 Scrap Engine Consumption 82 | . . . . . . . . . . 49 11 4 12 6 Constructs Created 7 | . . . . . . . . . . 4 1 1 . 1 Constructs Modified 23 | . . . . . . . . . . 7 4 8 2 2 Class Distribution -------------------- 54% | Mutant 10% | Commander-Construct 10% | Skirmisher 5% | Construct 4% | Tank 3% | Commander-Tank 3% | Commander-Mutant Dominant Class ---------------- Mutant | -10/Materials Mutant | -10/Subcaves Mutant | -8/Materials Mutant | -7/Factory Commander-Mutant | -7/Storage Mutant | -7/Recycling Skirmisher | -5/Factory Skirmisher | -5/Waste Skirmisher | -5/Factory Mutant | -5/Extension Commander-Tank | -5/Cetus Commander-Construct | -5/Archives Commander-Construct | -5/Hub_04(d) Mutant | -4/Factory Resources | -11 -10 -10 -8 -7 -7 -7 -5 -5 -5 -5 -5 -5 -5 -4 ----------- Run | Yrd Mat Sub Mat Fac Sto Rec Fac Was Fac Ext Cet Arc Hub Fac Matter Collected 4643 | 226 486 290 1082 233 176 124 90 122 110 549 133 101 338 583 Remotely . | . . . . . . . . . . . . . . . Salvage Created 7860 | 68 605 103 1597 456 191 197 371 . 211 1320 58 316 1033 1334 Parts 336 | 5 29 6 70 28 4 4 20 . 12 41 1 17 48 51 Haulers Intercepted 12 | . 2 . 6 1 1 . . . . 1 . . 1 . Recyclers Shooed 2 | . . . 1 . . . . . . 1 . . . . Parts Field Recycled . | . . . . . . . . . . . . . . . Retrieved Matter . | . . . . . . . . . . . . . . . Parts Self-Destructed 2 | . . 2 . . . . . . . . . . . . Prevented . | . . . . . . . . . . . . . . . Parts Restored . | . . . . . . . . . . . . . . . Kills | -11 -10 -10 -8 -7 -7 -7 -5 -5 -5 -5 -5 -5 -5 -4 ------- Run | Yrd Mat Sub Mat Fac Sto Rec Fac Was Fac Ext Cet Arc Hub Fac Combat Hostiles Destroyed 128 | . 18 4 30 10 4 4 8 . 2 16 . . 15 17 Melee 3 | . . . . . . . . . . . . . . 3 Guns 48 | . 7 . 7 3 3 3 5 . 2 6 . . 5 7 Cannons 46 | . 10 4 16 . . . . . . 5 . . 5 6 AOE 23 | . 1 . 6 6 . . 3 . . 5 . . 1 1 Classes Destroyed 18 | 2 4 2 4 1 . . 1 . 2 1 . . 1 . Worker 11 | . . . 3 2 . . 1 . . 1 . . 3 1 Builder 10 | . . . 1 2 . . 3 . . 2 . . 2 . Tunneler 5 | 1 . . 1 1 . . . . 1 . . . . 1 Hauler 12 | . 2 . 6 1 1 . . . . 1 . . 1 . Recycler 8 | 1 . . 3 1 . . . . . 3 . . . . Mechanic 1 | . . . . . . . . . . . . . . 1 Operator 12 | . 1 . . . . . . . . . . 9 1 1 Watcher 6 | . . . . . . . . . 1 1 2 . 2 . Swarmer 14 | . 3 . 3 . 2 . . . 1 5 . . . . Grunt 68 | . 15 . 18 6 2 . 4 . . 5 . . 8 10 Brawler 2 | . . . 1 . . . 1 . . . . . . . Duelist 3 | . . . . . . . 1 . . . . . 1 1 Sentry 19 | . . 1 7 1 . 2 . . . 5 . . 3 . Hunter 5 | . . . 1 . . . . . . . . . . 4 Programmer 10 | . . . . 3 . . 2 . . 1 . . 2 2 Heavy 1 | . . . . . . . . . . . . . 1 . Subdweller 5 | . . 3 . . . 2 . . . . . . . . Surgeon 1 | . . . . . . . . . . 1 . . . . Thug 1 | . . . . . . . . . 1 . . . . . Martyr 1 | . . . . . . . . . 1 . . . . . Best Kill Streak 11 | 2 5 1 6 11 2 2 9 . 1 6 1 2 7 4 Combat Bots Only 6 | . 5 1 5 6 2 2 5 . 1 5 . . 5 4 Max Kills in Single Turn 4 | 1 1 1 2 3 1 1 4 . 1 3 1 1 3 1 Gunslinging . | . . . . . . . . . . . . . . . Exploded 3 | . 1 . 2 2 . . 2 . . 3 . . 1 1 Melee 1 | . . . . . . . . . . . . . . 1 Uniques/NPCs Destroyed . | . . . . . . . . . . . . . . . Combat | -11 -10 -10 -8 -7 -7 -7 -5 -5 -5 -5 -5 -5 -5 -4 -------- Run | Yrd Mat Sub Mat Fac Sto Rec Fac Was Fac Ext Cet Arc Hub Fac Hostile Shots Fired 1199 | . 62 17 155 79 25 76 46 . 6 157 22 . 44 510 Missed 422 | . 17 3 40 33 9 32 15 . 2 56 7 . 21 187 Hits 777 | . 45 14 115 46 16 44 31 . 4 101 15 . 23 323 Melee 15 | . . . . . . . 2 . . . . . . 13 Projectile 762 | . 45 14 115 46 16 44 29 . 4 101 15 . 23 310 Critical Strikes 47 | . 1 . 7 2 . 1 . . . 3 1 . 2 30 Actively Blocked 1 | . . . . . . . . . . 1 . . . . Damage Taken 13794 | . 498 376 1670 607 261 468 652 . 107 2193 314 . 688 5960 Core 2063 | . 71 57 210 80 5 69 77 . . 261 12 . 62 1159 Absorbed by Shields 263 | . . . . . . . . . . 175 88 . . . Redirected to Shielding 214 | . . . . . . . . . . 159 55 . . . Ignored by Resistances 571 | . . . . . . . . . . . . . 90 481 Regen/Repaired (Parts) 920 | . . . 108 7 . . . 140 17 451 86 . 57 54 Core Remaining (%) 69 | 100 . 48 61 . . 78 . . . . . . 58 . Volleys Fired 568 | 4 61 38 101 31 12 15 14 1 9 67 16 54 41 104 Largest 4 | 2 2 2 2 3 3 2 3 3 3 3 3 3 3 4 Hottest 308 | 40 66 66 122 177 183 122 183 183 212 248 198 177 177 308 Shots Fired 1115 | 8 121 74 194 66 29 29 35 3 27 140 24 63 110 192 Gun 604 | 8 52 . 69 58 27 28 32 3 18 68 8 58 60 115 Cannon 488 | . 68 74 119 2 . . . . 9 68 16 5 50 77 Launcher 23 | . 1 . 6 6 2 1 3 . . 4 . . . . Special . | . . . . . . . . . . . . . . . Kinetic 670 | 8 120 74 120 . . . . . 2 55 20 63 110 98 Thermal 418 | . . . 68 60 27 28 32 3 25 81 4 . . 90 Explosive 23 | . 1 . 6 6 2 1 3 . . 4 . . . . Electromagnetic 4 | . . . . . . . . . . . . . . 4 Robot Hit Streak 30 | 7 10 11 13 7 7 30 23 14 17 12 5 6 12 11 Robot Miss Streak 7 | 1 3 3 4 3 3 . 1 . 2 5 2 3 7 5 Penetration Max 2 | . . . . . . . . . . 2 1 1 2 1 Secondary Targets 2 | . . . . . . . 2 . . . . . . . Max Gunslinging Chain 1 | . . . . . . . 1 . . . . . . . Shots Hit Robots 701 | 7 75 48 116 46 13 23 30 3 16 84 14 38 50 138 Core Hits 403 | 4 29 13 64 28 10 7 38 1 6 80 7 23 38 55 Critical Kills 10 | . . . . . . . . . . 3 . 1 3 3 Critical Parts Destroyed 16 | . . . . . . . . . . 4 . 2 2 8 Critical Strikes 70 | . . 5 3 5 3 2 3 . 2 11 5 5 8 18 Burn 21 | . . . 2 5 3 2 3 . 2 4 . . . . Destroy 26 | . . . . . . . . . . 7 . 3 5 11 Blast 16 | . . 5 1 . . . . . . . 5 2 3 . Corrupt 1 | . . . . . . . . . . . . . . 1 Sever 6 | . . . . . . . . . . . . . . 6 Melee Attacks 39 | . . . 3 2 4 3 . . . 1 . . . 26 Impact 2 | . . . 2 . . . . . . . . . . . Slashing 37 | . . . 1 2 4 3 . . . 1 . . . 26 Piercing . | . . . . . . . . . . . . . . . Sneak Attacks 1 | . . . . . . . . . . . . . . 1 Combat Hostiles . | . . . . . . . . . . . . . . . Follow-up Attacks . | . . . . . . . . . . . . . . . Damage Inflicted 21982 | 71 1203 1000 3074 2126 268 399 1075 50 344 3796 418 1239 2677 4242 Guns 8859 | 71 414 . 953 920 216 399 513 50 195 887 157 1123 1018 1943 Cannons 6898 | . 741 1000 1420 . . . . . 149 1065 261 116 721 1425 Explosions 5466 | . 48 . 699 1206 52 . 551 . . 1844 . . 936 130 Melee 744 | . . . . . . . . . . . . . . 744 Ramming 15 | . . . 2 . . . 11 . . . . . 2 . Kinetic 9249 | 71 1155 1000 1437 . . . . . 7 600 346 1239 1739 1655 Thermal 6720 | . . . 936 920 216 399 517 50 337 1600 72 . . 1673 Explosive 4148 | . 48 . 699 1206 52 . 547 . . 1596 . . . . Electromagnetic 1106 | . . . . . . . . . . . . . 936 170 Impact . | . . . . . . . . . . . . . . . Slashing 744 | . . . . . . . . . . . . . . 744 Piercing . | . . . . . . . . . . . . . . . Highest Corruption 11 | . . . . . 1 2 2 2 2 2 2 2 4 11 Average Corruption 2 | . . . . . 1 1 2 2 2 1 2 2 2 6 Corruption Purged 2 | . . . . . . . . . . 2 . . . . Corruption Blocked . | . . . . . . . . . . . . . . . Effects 87 | . . . . . 5 5 5 5 9 16 6 7 14 15 Message Errors 25 | . . . . . . 2 1 2 3 7 2 . 6 2 Matter Fused 21 | . . . . . 3 2 . . 4 1 1 3 3 4 Heat Flow Errors 10 | . . . . . . 1 . 2 . 2 1 1 2 1 Energy Discharges 12 | . . . . . 2 . 2 . 2 1 1 . . 4 Data Loss (minor) 10 | . . . . . . . 2 . . 2 1 2 2 1 Data Loss (major) 6 | . . . . . . . . 1 . 3 . . 1 1 Misfires 1 | . . . . . . . . . . . . . . 1 Weapon Failures 2 | . . . . . . . . . . . . 1 . 1 Overload Shots 1 | . . . . . . . . . . . . . . 1 Overflow Damage 204 | . . . 12 16 . . . . . 86 . . . 90 Projectiles 87 | . . . 2 . . . . . . 14 . . . 71 Explosions 98 | . . . 10 16 . . . . . 72 . . . . Melee 19 | . . . . . . . . . . . . . . 19 Knockbacks 42 | . 8 8 13 . . . . . . 1 1 1 1 9 Impact . | . . . . . . . . . . . . . . . Kinetic 41 | . 8 8 12 . . . . . . 1 1 1 1 9 Secondary 1 | . . . 1 . . . . . . . . . . . Self-Inflicted Damage 476 | . . . . 52 60 . 27 . . 92 . . 201 44 Shots 13 | . . . . 1 3 . 2 . . 3 . . 2 2 Rammed . | . . . . . . . . . . . . . . . Targets Rammed 4 | . 1 . 1 . . . 1 . . . . . 1 . Kicked 4 | . 1 . 1 . . . 1 . . . . . 1 . Crushed . | . . . . . . . . . . . . . . . Highest Temperature 336 | . 78 . 292 311 81 109 207 186 258 336 104 247 237 294 Average Temperature 63 | . 24 . 71 73 33 35 60 73 78 50 49 65 67 76 Received Heat Transfer 3624 | . 273 18 846 177 12 132 189 . 9 738 31 . 126 1073 Effects 6 | . . . 3 . . . . . . 1 . . . 2 Shutdowns 1 | . . . . . . . . . . 1 . . . . Energy Bleed 3 | . . . 1 . . . . . . . . . . 2 Interference 2 | . . . 2 . . . . . . . . . . . Siege Activations . | . . . . . . . . . . . . . . . Martial Activations . | . . . . . . . . . . . . . . . Shielding Activations . | . . . . . . . . . . . . . . . Robots Disrupted . | . . . . . . . . . . . . . . . Combat Hostiles . | . . . . . . . . . . . . . . . Robots Corrupted 4 | . . . . . . . . . . . . . 4 . Combat Hostiles 4 | . . . . . . . . . . . . . 4 . Parts Fried 4 | . . . . . . . . . . . . . 4 . Impact Corruptions . | . . . . . . . . . . . . . . . Robots Melted 4 | . . . 1 1 1 1 . . . . . . . . Combat Hostiles 4 | . . . 1 1 1 1 . . . . . . . . Parts Melted 34 | . . . 6 4 4 7 3 . . 5 . . . 5 Heat Transferred 12018 | . . . 1961 1924 703 999 1345 111 555 1771 111 . . 2538 Parts Sabotaged . | . . . . . . . . . . . . . . . Parts Stolen . | . . . . . . . . . . . . . . . Parts Stripped . | . . . . . . . . . . . . . . . Power Chain Reactions 2 | . . . . . . . . . . 2 . . . . Alert | -11 -10 -10 -8 -7 -7 -7 -5 -5 -5 -5 -5 -5 -5 -4 ------- Run | Yrd Mat Sub Mat Fac Sto Rec Fac Was Fac Ext Cet Arc Hub Fac Maximum Alert Level 4 | . 1 . 2 1 1 . 1 . 1 3 2 1 4 4 Low Security (%) 49 | 100 73 . 44 84 41 100 30 100 90 56 . 14 13 . Level 1 28 | . 26 . 49 15 58 . 69 . 9 17 . 85 12 . Level 2 10 | . . . 6 . . . . . . 6 100 . 37 19 Level 3 10 | . . . . . . . . . . 19 . . 34 68 Level 4 1 | . . . . . . . . . . . . . 1 11 Level 5 . | . . . . . . . . . . . . . . . High Security . | . . . . . . . . . . . . . . . Max Security . | . . . . . . . . . . . . . . . Peak Influence 1424 | 10 267 . 409 257 366 61 399 134 341 976 675 380 1424 1157 Initial 697 | . . . . 176 53 61 350 134 . 94 539 243 54 697 Average 294 | 1 143 . 227 148 223 13 242 67 106 320 596 282 547 907 Influence Increases 9593 | 10 623 20 968 349 671 173 751 80 665 1640 352 344 1996 951 Destroy 0b10 Robot/C 3940 | . 360 20 600 200 300 40 160 . 220 880 140 80 600 340 Destroy 0b10 Robot/NC 375 | 10 15 . 70 35 15 . 20 . 10 65 10 45 60 20 Destroy Leader 728 | . 74 . 162 52 74 . 30 . 32 96 . . 148 60 Allied During Kill 1462 | . . . . . 201 . . . 197 376 150 125 413 . Successful Hack 178 | . 21 . 7 33 22 45 5 . 24 11 10 . . . Select Force Hacks 150 | . 60 . 30 . . 60 . . . . . . . . Disable Machine 750 | . 15 . 30 . 15 . 60 . 30 45 . 60 255 240 Destroy Structure 1390 | . 18 . 69 29 44 28 126 80 92 122 42 34 490 216 Advance Influence 350 | . . . . . . . 350 . . . . . . . Lose Combat Pursuer 270 | . 60 . . . . . . . 60 45 . . 30 75 Influence Decreases 8659 | 10 476 167 580 618 631 332 368 463 472 869 707 796 729 1441 Entered New Map 2416 | . . 71 . 212 66 98 . 249 . 99 425 366 103 727 Time Decay 4581 | 10 476 96 550 386 295 202 238 154 202 550 222 350 446 404 Search Patrol Dispatched 100 | . . . . . . . 100 . . . . . . . Lost Part 510 | . . . 30 20 . 20 30 . . 80 20 . . 310 Lost Ally 752 | . . . . . 120 12 . 60 120 140 40 80 180 . Purge Threat 300 | . . . . . 150 . . . 150 . . . . . Squads Dispatched 47 | . 4 . 4 4 6 . 1 . 5 5 . . 11 7 Investigation 8 | . 3 . 2 . . . . . . 1 . . 1 1 Extermination 6 | . . . . 2 1 . . . 1 . . . 1 1 Reinforcement 21 | . 1 . 2 2 2 . 1 . 1 3 . . 6 3 Assault 6 | . . . . . . . . . 2 1 . . 1 2 Garrison 6 | . . . . . 3 . . . 1 . . . 2 . Intercept . | . . . . . . . . . . . . . . . Searches Triggered 1 | . . . . . . . 1 . . . . . . . Construction Impeded 9 | . . . . 1 1 . 1 . . 2 . . 2 2 Haulers Reinforced 2 | . . . . 1 1 . . . . . . . . . Active Scanning Responses . | . . . . . . . . . . . . . . . Cargo Convoy Interrupts . | . . . . . . . . . . . . . . . Stealth | -11 -10 -10 -8 -7 -7 -7 -5 -5 -5 -5 -5 -5 -5 -4 --------- Run | Yrd Mat Sub Mat Fac Sto Rec Fac Was Fac Ext Cet Arc Hub Fac Distress Signals 19 | . . . 2 . 1 4 1 . 1 4 2 . 3 1 Communications Jammed . | . . . . . . . . . . . . . . . Distress Signals . | . . . . . . . . . . . . . . . Times Spotted 324 | . 29 4 47 18 16 4 20 5 14 54 10 28 36 39 Peak Tracking Total 13 | . 4 1 4 7 4 2 7 3 6 6 5 2 11 13 Tactical Retreats 13 | . 3 . . . . . . . 2 2 . . 2 4 Traps | -11 -10 -10 -8 -7 -7 -7 -5 -5 -5 -5 -5 -5 -5 -4 ------- Run | Yrd Mat Sub Mat Fac Sto Rec Fac Was Fac Ext Cet Arc Hub Fac Traps Triggered 11 | . 1 2 . . 1 . 1 . . 2 . . 3 1 Indirectly . | . . . . . . . . . . . . . . . Trap Hack Attempts . | . . . . . . . . . . . . . . . Triggered . | . . . . . . . . . . . . . . . Disarmed . | . . . . . . . . . . . . . . . Reprogrammed 5 | . . . . . 5 . . . . . . . . . Reused . | . . . . . . . . . . . . . . . Traps Extracted . | . . . . . . . . . . . . . . . Installed . | . . . . . . . . . . . . . . . Triggered . | . . . . . . . . . . . . . . . Machines | -11 -10 -10 -8 -7 -7 -7 -5 -5 -5 -5 -5 -5 -5 -4 ---------- Run | Yrd Mat Sub Mat Fac Sto Rec Fac Was Fac Ext Cet Arc Hub Fac Machines Disabled 50 | . 1 . 2 . 1 . 4 . 2 3 . 4 17 16 Max in Single Turn 5 | . 1 . 1 . 1 . 3 . . 1 . 1 4 5 Garrison Access 3 | . . . . . . . . . 2 . . . 1 . Network Hub 2 | . . . . . . . . . . . . . 2 . Machines Repaired . | . . . . . . . . . . . . . . . Machines Dismantled . | . . . . . . . . . . . . . . . Machines Sabotaged . | . . . . . . . . . . . . . . . Overloaded Fab Kills . | . . . . . . . . . . . . . . . Hacking | -11 -10 -10 -8 -7 -7 -7 -5 -5 -5 -5 -5 -5 -5 -4 --------- Run | Yrd Mat Sub Mat Fac Sto Rec Fac Was Fac Ext Cet Arc Hub Fac Machines Accessed 58 | . 7 1 9 4 10 10 1 . 5 4 3 1 2 1 Terminals 36 | . 5 . 6 1 8 5 . . 3 4 3 . 1 . Fabricators 2 | . . . . 1 . . 1 . . . . . . . Repair Stations 3 | . . . 1 1 1 . . . . . . . . . Recycling Units 6 | . 2 . 1 . . 3 . . . . . . . . Scanalyzers 4 | . . . 1 1 . . . . 1 . . . . 1 Garrison Access 3 | . . . . . 1 . . . 1 . . . 1 . Total Hacks 144 | . 17 3 25 11 18 30 2 . 8 12 8 1 7 2 Successful 60 | . 7 3 10 8 8 9 1 . 4 2 4 1 1 2 Failed 82 | . 10 . 14 3 9 21 1 . 4 10 4 . 6 . Catastrophic 19 | . 2 . 4 2 3 4 . . 1 1 1 . 1 . Database Lockouts 2 | . . . 1 . 1 . . . . . . . . . Manual 61 | . 11 . 16 3 3 22 . . . . 1 . 5 . Terminals 96 | . 15 . 17 5 14 15 . . 5 12 8 . 5 . Fabricators 4 | . . . . 2 . . 2 . . . . . . . Repair Stations 6 | . . . 3 2 1 . . . . . . . . . Recycling Units 14 | . 2 . 1 . . 11 . . . . . . . . Scanalyzers 10 | . . . 4 2 . . . . 2 . . . . 2 Garrison Access 6 | . . . . . 3 . . . 1 . . . 2 . Terminal Hacks 38 | . 5 3 3 3 8 7 . . 2 2 4 1 . . Record 9 | . . 3 . . . 2 . . . . 3 1 . . Robot Analysis 1 | . . . . . . 1 . . . . . . . . Prototype ID Bank 6 | . 3 . . 1 1 1 . . . . . . . . Open Door 6 | . . . . . 2 . . . 1 2 1 . . . Branch Access Points 1 | . . . 1 . . . . . . . . . . . Terminal Index 1 | . . . . . . 1 . . . . . . . . Alert Level 1 | . . . . . 1 . . . . . . . . . Unreport Threat 2 | . . . . . 1 . . . 1 . . . . . Locate Traps 3 | . 1 . 1 . 1 . . . . . . . . . Reprogram Traps 1 | . . . . . 1 . . . . . . . . . Transport Status 1 | . . . . 1 . . . . . . . . . . Investigation Status 1 | . . . . . 1 . . . . . . . . . Hauler Manifests 3 | . 1 . 1 1 . . . . . . . . . . Release Object 2 | . . . . . . 2 . . . . . . . . Fabricator Hacks 2 | . . . . 1 . . 1 . . . . . . . Network Status 1 | . . . . 1 . . . . . . . . . . Build 1 | . . . . . . . 1 . . . . . . . Repair Station Hacks 4 | . . . 2 2 . . . . . . . . . . Scan Component 2 | . . . 1 1 . . . . . . . . . . Repair 2 | . . . 1 1 . . . . . . . . . . Recycling Unit Hacks . | . . . . . . . . . . . . . . . Scanalyzer 7 | . . . 3 1 . . . . 1 . . . . 2 Insert Component 1 | . . . 1 . . . . . . . . . . . Analyze 1 | . . . 1 . . . . . . . . . . . Retrieve Study 5 | . . . 1 1 . . . . 1 . . . . 2 Garrison Access Hacks 2 | . . . . . . . . . 1 . . . 1 . Seal Access 2 | . . . . . . . . . 1 . . . 1 . Unauthorized Hacks 7 | . 2 . 2 1 . 2 . . . . . . . . Terminals 1 | . . . 1 . . . . . . . . . . . Operators 1 | . . . 1 . . . . . . . . . . . Fabricators 1 | . . . . 1 . . . . . . . . . . Haulers 1 | . . . . 1 . . . . . . . . . . Repair Stations . | . . . . . . . . . . . . . . . Recycling Units 5 | . 2 . 1 . . 2 . . . . . . . . Tunnel 5 | . 2 . 1 . . 2 . . . . . . . . Scanalyzers . | . . . . . . . . . . . . . . . Garrison Access . | . . . . . . . . . . . . . . . Data Cores Recovered 1 | . . . . . 1 . . . . . . . . . Used . | . . . . . . . . . . . . . . . Hacking Detections 41 | . 5 . 6 3 8 8 1 . 3 3 3 . 1 . Full Trace Events 8 | . . . 1 . . 5 . . . 1 . . 1 . Feedback Events 1 | . . . . . . 1 . . . . . . . . Corruption 1 | . . . . . . 1 . . . . . . . . Feedback Blocked . | . . . . . . . . . . . . . . . Robot Schematics Acquired . | . . . . . . . . . . . . . . . Robots Built . | . . . . . . . . . . . . . . . Authchips . | . . . . . . . . . . . . . . . Time . | . . . . . . . . . . . . . . . Total Robot Build Rating . | . . . . . . . . . . . . . . . Part Schematics Acquired 1 | . . . 1 . . . . . . . . . . . Parts Built . | . . . . . . . . . . . . . . . Authchips . | . . . . . . . . . . . . . . . Time 117 | . . . . . . . 117 . . . . . . . Total Part Build Rating . | . . . . . . . . . . . . . . . Part Studies Acquired 5 | . . . 1 1 . . . . 1 . . . . 2 Parts Repaired 2 | . . . 1 1 . . . . . . . . . . Time 63 | . . . 44 19 . . . . . . . . . . Parts Recycled . | . . . . . . . . . . . . . . . Recycled Matter . | . . . . . . . . . . . . . . . Retrieved Matter . | . . . . . . . . . . . . . . . Retrieved Components . | . . . . . . . . . . . . . . . Parts Scanalyzed 1 | . . . 1 . . . . . . . . . . . Part Schematics Acquired 1 | . . . 1 . . . . . . . . . . . Parts Damaged . | . . . . . . . . . . . . . . . Bothacking | -11 -10 -10 -8 -7 -7 -7 -5 -5 -5 -5 -5 -5 -5 -4 ------------ Run | Yrd Mat Sub Mat Fac Sto Rec Fac Was Fac Ext Cet Arc Hub Fac Used RIF Installer . | . . . . . . . . . . . . . . . Robots Hacked . | . . . . . . . . . . . . . . . Non-combat . | . . . . . . . . . . . . . . . Combat . | . . . . . . . . . . . . . . . Robot Hacks Applied . | . . . . . . . . . . . . . . . Relay Couplers Released . | . . . . . . . . . . . . . . . Fabnet Peak Effective % . | . . . . . . . . . . . . . . . Robots Rewired 18 | . . . . . 1 . . . . 17 . . . . Allies Hacked 2 | . . . . . . . . . . 1 . . 1 . Hacks Repelled . | . . . . . . . . . . . . . . . Allies | -11 -10 -10 -8 -7 -7 -7 -5 -5 -5 -5 -5 -5 -5 -4 -------- Run | Yrd Mat Sub Mat Fac Sto Rec Fac Was Fac Ext Cet Arc Hub Fac Total Allies 57 | . . . . . 10 . . 19 . 23 5 . . . Largest Group 18 | . . . . . 10 2 . 18 14 15 18 17 11 . Highest-Rated Group 991 | . . . . . 173 32 . 656 548 567 991 963 658 . Highest-Rated Ally 159 | . . . . . 29 16 . 50 50 159 159 143 96 . Total Orders 6 | . . . . . . . . . . . 6 . . . STAY 5 | . . . . . . . . . . . 5 . . . FOLLOW 1 | . . . . . . . . . . . 1 . . . Ally Attacks 669 | . . . . . 109 5 . 94 77 186 45 33 120 . Total Damage 16698 | . . . . . 1347 58 . 2585 2385 4254 1020 850 4199 . Kills 100 | . . . . . 14 . . 8 12 33 8 5 20 . Allies Corrupted 1 | . . . . . . . . . . . . . 1 . Allies Melted . | . . . . . . . . . . . . . . . Intel | -11 -10 -10 -8 -7 -7 -7 -5 -5 -5 -5 -5 -5 -5 -4 ------- Run | Yrd Mat Sub Mat Fac Sto Rec Fac Was Fac Ext Cet Arc Hub Fac Active Infowar (turns) 11622 | 13 1368 . 1466 912 664 893 508 322 561 1592 465 797 1102 959 Optics 8775 | . . . . 912 664 893 508 322 561 1592 465 797 1102 959 Sensors 3420 | . . . 1466 810 . . 507 322 313 . . . . 2 IFF 414 | . . . . . . . . . 247 167 . . . . Seismic 1381 | 13 1368 . . . . . . . . . . . . . Robot Analysis Total 1 | . . . . . . 1 . . . . . . . . Derelict Logs Recovered 1 | . . 1 . . . . . . . . . . . . Drone Launches . | . . . . . . . . . . . . . . . Drone Recoveries . | . . . . . . . . . . . . . . . Exploration | -11 -10 -10 -8 -7 -7 -7 -5 -5 -5 -5 -5 -5 -5 -4 ------------- Run | Yrd Mat Sub Mat Fac Sto Rec Fac Was Fac Ext Cet Arc Hub Fac Turns Passed 13280 | 38 1575 663 2228 912 664 893 508 322 561 1592 465 797 1102 960 Spaces Moved 7992 | 21 782 334 1316 677 519 724 365 223 448 947 277 358 578 423 Core 67 | . . . . . . . . . . . . . . 67 Treads 924 | . 130 334 156 . . . . . . . 165 139 . . Legs 7001 | 21 652 . 1160 677 519 724 365 223 448 947 112 219 578 356 Wheels . | . . . . . . . . . . . . . . . Hover . | . . . . . . . . . . . . . . . Flight . | . . . . . . . . . . . . . . . Fastest Speed 50 | 120 120 160 120 108 111 111 111 117 107 105 68 68 127 50 Average Speed 130 | 120 166 160 127 112 111 113 114 117 112 120 128 169 158 123 Slowest Speed 365 | 120 240 160 190 122 111 117 117 117 118 188 161 268 268 365 Overloaded Moves . | . . . . . . . . . . . . . . . Propulsion Burnouts . | . . . . . . . . . . . . . . . Robots Hopped . | . . . . . . . . . . . . . . . Potential Cave-ins . | . . . . . . . . . . . . . . . Cave-ins Triggered . | . . . . . . . . . . . . . . . Exploration Rate (%) 58 | 3 99 20 92 28 75 98 14 91 15 87 91 99 58 10 Regions Visited 14 Branch Regions 7 Pre-discovered Areas 5 | . 2 . 1 . . 2 . . . . . . . . Known Exits Taken 1 | . . . . 1 . . . . . . . . . . Unknown Exits Taken 11 | 1 1 1 1 . 1 1 . . 1 1 1 1 1 . Scrap Searched 4 | . . 4 . . . . . . . . . . . . Spaces Dug 80 | . . 5 3 2 29 36 . . . . . . 4 1 Terrain Destroyed 828 | . 14 5 80 30 61 36 60 . 3 63 3 17 342 114 Melee 10 | . . . 3 2 2 3 . . . . . . . . Projectile 110 | . 3 5 . . . . . . 3 10 3 17 37 32 AOE 708 | . 11 . 77 28 59 33 60 . . 53 . . 305 82 Terrain Rammed . | . . . . . . . . . . . . . . . Walls Destroyed . | . . . . . . . . . . . . . . . Machines Disabled . | . . . . . . . . . . . . . . . Actions | -11 -10 -10 -8 -7 -7 -7 -5 -5 -5 -5 -5 -5 -5 -4 --------- Run | Yrd Mat Sub Mat Fac Sto Rec Fac Was Fac Ext Cet Arc Hub Fac Total 9802 | 26 948 388 1678 764 578 760 419 283 487 1272 371 496 681 651 Wait 623 | . 42 5 134 25 20 2 15 53 7 104 62 78 23 53 Move 7979 | 20 781 333 1315 676 518 723 365 222 447 946 276 357 577 423 Hop . | . . . . . . . . . . . . . . . Pick Up 115 | 1 21 5 34 8 4 2 8 2 3 9 5 3 4 6 Fast Attach 46 | . 5 . 10 . 2 1 1 . 1 1 . . 10 15 Attach 54 | 1 . 2 5 6 . 2 8 . . 12 4 . 3 11 Detach 29 | . 3 . 3 2 . 2 2 . . 9 3 1 . 4 Swap 92 | . 10 . 34 9 7 5 4 2 7 11 . . 3 . Drop 139 | . 24 5 38 5 10 5 1 3 11 7 5 3 13 9 Fire 568 | 4 61 38 101 31 12 15 14 1 9 67 16 54 41 104 Melee 39 | . . . 3 2 4 3 . . . 1 . . . 26 Ram . | . . . . . . . . . . . . . . . Kick 4 | . 1 . 1 . . . 1 . . . . . 1 . Crush . | . . . . . . . . . . . . . . . Escape Stasis 10 | . . . . . . . . . . 5 . . 5 . Rewire 104 | . . . . . 1 . . . 2 100 . . 1 . Trap . | . . . . . . . . . . . . . . . Miscellaneous . | . . . . . . . . . . . . . . . Route ------- -11/Scrapyard -10/Materials (discovered 6 exits: [*Mat x3] / [*Min x2] / *Sub) -10/Subcaves -8/Materials (discovered 2 exits: *Fac x2) -7/Factory (discovered 2 exits: *Sto / [*Low]) -7/Storage (discovered 2 exits: [*Fac] / *Rec) -7/Recycling -5/Factory -5/Waste -5/Factory (discovered 2 exits: [*Upp] / *Ext) -5/Extension (discovered 2 exits: *Fac / *Cet) -5/Cetus (discovered 2 exits: *Fac / *Arc) -5/Archives (discovered 3 exits: *Fac / *Hub x2) -5/Hub_04(d) (discovered 3 exits: *Fac x3) -4/Factory History --------- Turn | Location | Event 1 | -11/Scrapyard | Discovered new exit (range 3) 39 | -11/Scrapyard | Entered Materials 317 | -10/Materials | Build established: Mutant 380 | -10/Materials | Discovered new exit (range 16) 448 | -10/Materials | Discovered new exit (range 16) 519 | -10/Materials | Discovered new exit (range 8) 1098 | -10/Materials | Discovered new exit (range 16) 1379 | -10/Materials | Discovered new exit (range 11) 1600 | -10/Materials | Discovered new exit (range 13) 1614 | -10/Materials | Entered Subcaves 1615 | -10/Subcaves | Approached by a straggling Scientist 1980 | -10/Subcaves | Visited Clippyterm 1985 | -10/Subcaves | Learned Factory trap positions 2061 | -10/Subcaves | Shifting Twisted Machinery released Sub. Machine Gun 2151 | -10/Subcaves | Disturbed a concealed Subdweller 2228 | -10/Subcaves | Discovered new exit (range 7) 2252 | -10/Subcaves | Core integrity fell below 50% 2277 | -10/Subcaves | Entered Materials 2277 | -8/Materials | Evolved 4 slots: Propulsion x2, Utility x2 2289 | -8/Materials | Central database locked down 2646 | -8/Materials | Discovered new exit (range 16) 3717 | -8/Materials | Discovered new exit (range 13) 4422 | -8/Materials | Repaired Imp. Carbon-fiber Leg 4505 | -8/Materials | Entered Factory 4505 | -7/Factory | Evolved 2 slots: Utility x1, Weapon x1 4506 | -7/Factory | Identified exit to Storage 4507 | -7/Factory | Loaded intel: 104 trap records 4630 | -7/Factory | Repaired Hacking Suite 5029 | -7/Factory | Discovered new exit (range 7) 5417 | -7/Factory | Entered Storage 5529 | -7/Storage | Assisted by bots powering up and referring to "LRC-V3" 5589 | -7/Storage | Garrison activated, responded to threat 5734 | -7/Storage | Discovered new exit (range 20) 5747 | -7/Storage | Found Prototype Launcher 5747 | -7/Storage | Identified Rocket Array 5957 | -7/Storage | Build established: Commander-Mutant 5965 | -7/Storage | Central database locked down 5998 | -7/Storage | Lost 3 allies 6077 | -7/Storage | Used back door to open Recycling access 6077 | -7/Storage | Discovered new exit (range 4) 6081 | -7/Storage | Entered Recycling 6081 | -7/Recycling | Accompanied by 2 allies 6259 | -7/Recycling | Build established: Mutant 6291 | -7/Recycling | Discovered new exit (range 19) 6897 | -7/Recycling | Entered Scraplab 6920 | -7/Recycling | Found Prototype Device 6920 | -7/Recycling | Identified Scrap Engine 6974 | -7/Recycling | Entered Factory 6974 | -5/Factory | Evolved 4 slots: Propulsion x1, Utility x3 7274 | -5/Factory | Search patrols dispatched 7482 | -5/Factory | Manually triggered Chute Trap 7482 | -5/Factory | Sucked down chute 7482 | -5/Factory | Entered Waste 7483 | -5/Waste | Met a frightened Derelict 7523 | -5/Waste | Spotted C-40 Crusher 7530 | -5/Waste | Build established: Skirmisher 7538 | -5/Waste | Spotted C-40 Crusher 7570 | -5/Waste | Spotted C-40 Crusher 7589 | -5/Waste | Spotted C-40 Crusher 7592 | -5/Waste | Warlord forces began an assault 7597 | -5/Waste | Allies destroyed C-40 Crusher 7598 | -5/Waste | Allies destroyed C-40 Crusher 7599 | -5/Waste | Allies destroyed C-40 Crusher 7604 | -5/Waste | Allies destroyed C-40 Crusher 7647 | -5/Waste | Spotted C-40 Crusher 7659 | -5/Waste | Allies destroyed C-40 Crusher 7676 | -5/Waste | Spotted C-40 Crusher 7678 | -5/Waste | Allies destroyed C-40 Crusher 7709 | -5/Waste | Lost 4 allies 7752 | -5/Waste | Discovered new exit (range 13) 7804 | -5/Waste | Entered Factory 7804 | -5/Factory | Accompanied by 14 allies 7913 | -5/Factory | Discovered new exit (range 18) 8130 | -5/Factory | P-70 Sage assimilated allied A2-RQI(g) 8266 | -5/Factory | Garrison activated, responded to threat 8308 | -5/Factory | Lost 5 allies 8360 | -5/Factory | Discovered new exit (range 6) 8365 | -5/Factory | Entered Extension 8365 | -5/Extension | Accompanied by 1 ally 8886 | -5/Extension | Rescued A7 8901 | -5/Extension | Rescued a captive Derelict 8902 | -5/Extension | Rescued a captive Derelict 9295 | -5/Extension | Spotted B-75 Beast 9304 | -5/Extension | Spotted B-75 Beast 9309 | -5/Extension | Allies destroyed B-75 Beast 9315 | -5/Extension | Disrupted transfer network 9341 | -5/Extension | Allies destroyed B-75 Beast 9471 | -5/Extension | Rescued a captive Derelict 9479 | -5/Extension | Rescued a captive Derelict 9550 | -5/Extension | P-70 Sage assimilated allied TW-CGN(l) 9565 | -5/Extension | First assault squad dispatched 9631 | -5/Extension | Lost 4 allies 9678 | -5/Extension | Rescued a captive Derelict 9879 | -5/Extension | Discovered new exit (range 10) 9881 | -5/Extension | Discovered new exit (range 6) 9957 | -5/Extension | Entered Cetus 9957 | -5/Cetus | Accompanied by 15 allies (A7) 9962 | -5/Cetus | Acquired a Cetus Manufacturing Module code from A7 9965 | -5/Cetus | Spotted Cetus Guard 9965 | -5/Cetus | Spotted Cetus Guard 9976 | -5/Cetus | Allies destroyed Cetus Guard 9976 | -5/Cetus | Spotted Cetus Guard 9977 | -5/Cetus | Spotted Cetus Guard 9983 | -5/Cetus | Allies destroyed Cetus Guard 9992 | -5/Cetus | Allies destroyed Cetus Guard 10064 | -5/Cetus | Started Cetus Manufacturing Module 10078 | -5/Cetus | Escorted A7 to Cetus Mainframe 10089 | -5/Cetus | Manufactured an Enhanced Grunt 10114 | -5/Cetus | Manufactured an Enhanced Grunt 10139 | -5/Cetus | Manufactured an Enhanced Grunt 10164 | -5/Cetus | Manufactured an Enhanced Grunt 10189 | -5/Cetus | Manufactured an Enhanced Grunt 10234 | -5/Cetus | Discovered new exit (range 21) 10263 | -5/Cetus | Build established: Commander-Tank 10305 | -5/Cetus | Spotted Cetus Guard 10305 | -5/Cetus | Spotted Cetus Guard 10308 | -5/Cetus | Spotted Cetus Guard 10309 | -5/Cetus | Spotted Cetus Guard 10318 | -5/Cetus | Allies destroyed Cetus Guard 10329 | -5/Cetus | Allies destroyed Cetus Guard 10333 | -5/Cetus | Allies destroyed Cetus Guard 10333 | -5/Cetus | Discovered new exit (range 22) 10334 | -5/Cetus | Allies destroyed Cetus Guard 10345 | -5/Cetus | Met Revision 17 10422 | -5/Cetus | Entered Archives 10422 | -5/Archives | Accompanied by 17 allies (A7) 10427 | -5/Archives | Received a hacking code to weaken MAIN.C 10463 | -5/Archives | Discovered new exit (range 20) 10465 | -5/Archives | Discovered new exit (range 17) 10475 | -5/Archives | Discovered new exit (range 15) 10483 | -5/Archives | Lost 5 allies 10551 | -5/Archives | Unable to access archive contents 10716 | -5/Archives | Build established: Commander-Construct 11219 | -5/Archives | Entered Hub_04(d) 11219 | -5/Hub_04(d) | Accompanied by 11 allies 11303 | -5/Hub_04(d) | Garrison activated, responded to threat 11843 | -5/Hub_04(d) | Lost 3 allies 11857 | -5/Hub_04(d) | Found Prototype Device 11857 | -5/Hub_04(d) | Identified Exp. Thermal Shield 11977 | -5/Hub_04(d) | Discovered new exit (range 22) 12090 | -5/Hub_04(d) | Build established: Construct 12119 | -5/Hub_04(d) | First assault squad dispatched 12255 | -5/Hub_04(d) | Network Hub disabled 12299 | -5/Hub_04(d) | Discovered new exit (range 15) 12305 | -5/Hub_04(d) | Network Hub disabled 12305 | -5/Hub_04(d) | Garrison activated, responded to threat 12321 | -5/Hub_04(d) | Discovered new exit (range 14) 12321 | -5/Hub_04(d) | Entered Factory 12321 | -4/Factory | Evolved 2 slots: Propulsion x1, Weapon x1 12973 | -4/Factory | Lost 11 parts (2p3n4u2w) 13071 | -4/Factory | First assault squad dispatched 13087 | -4/Factory | System corruption reached 10% 13235 | -4/Factory | Core integrity fell below 50% 13268 | -4/Factory | Lost 10 parts (2p3n3u2w) 13274 | -4/Factory | Core integrity fell below 20% 13274 | -4/Factory | Spotted B-86 Titan 13281 | -4/Factory | Destroyed by S-27 Virus with Autogun Last Messages --------------- 13250_ W-44 Eye Antigrav System severed. 13257_ System corrupted: Matter fused (-10). 13266_ Connecting with Scanalyzer... 13266_ Current location identified: Factory >>Study(Smartbomb Launcher) Identified Smartbomb Launcher... Downloading performance data... Effective improvements: +10% accuracy >>Study(Scythe) Identified Scythe... Downloading performance data... Effective improvements: +10% accuracy 13270_ Critical hit (Burn: +50). 13274_ System Shield destroyed. 13274_ Scythe+ destroyed. 13280_ Enh. Optical Array destroyed. 13280_ Recycling Unit disabled. 13280_ Unknown Energy Gun tumbles out of recycling unit. Map ----- +----------------------------------------------------+ | ?????????????????????????????????????????????????? | | ?????????????????????????????????????????????????? | | ?????????????????????????????????????????????????? | | ?????????????????????????????????????????????????? | | ?????????????????????????????????????????????????? | | ?????????????????????????????????????????????????? | | ?????????????????????????????????????????????????? | | ??????????????????????????? ???????????????????? | | ????????????????????????? #??????????????????? | | ????????????????????????? #??????????????????? | | ????????????????????????? ??????????????????? | | ????????????????????????? "??????????????????? | | ????????????????????????? ??????????????????? | | ???????????????????????? "??????????????????? | | ??????????????????????"?" ??????????????????? | | ??????????????????" "?" " #??????????????????? | | ????????????????? " " " " ??????????????????? | | ????????????????" " " " " #??????????????????? | | ????????????????" " " " " ###????????????????? | | ??????????????" " " " " " #????????????????? | | ??????????????" " " " " " ?????????????????? | | ??????????????" " " " " " "" #???????????????#### | | ??????????? " " " " " " " Y"BB###############?# | | ?????????? " BB# #?#"" | | ?????????? [ # #?#" | | ?????????? % @ # #?#"T | | ?????????????????######## ss# #?#"" | | ????????????????????????# ss# #?#" | | ????????????????????????# # #?# | | ????????????????????????# ; #?# | | ????????????????????????# # #?# | | ????????????????????????# # #?# | | ????????????????????????# g# #?# | | ????????????????????????# # #?# | | ????????????????????????# g#################### | | ????????????????????????# g | | ????????????????????????# | | ????????????????????????# | | ????????????????????????# | | ????????????????????????# | | ????????????????????????####### T########+######+# | | ??????????????????????????????####?????# | | ???????????????????????????????????????# ! | | ???????????????????????????????????????# | | ???????????????????????????????????????#"S | | ???????????????????????????????????????#""" | | ???????????????????????????????????????# "" | | ???????????????????????????????????????# | | ???????????????????????????????????????########### | | | +----------------------------------------------------+ Best States ------------- Heat Dissipation 74 Energy Generation 27 Energy Capacity 867 Matter Stores 300 Matter Capacity 300 Sight Range 22 Robot Scan Range 15 Terrain Scan Density 10 Armor Coverage 825 Resistance: TH 30 Utility Shielding 66 Evasion (%) 70 Targeting Accuracy 8 Recoil Reduction 4 Offensive Hacking 26 Defensive Hacking 10 Item Schematics ----------------- Imp. Flight Unit | -8/Materials | Scanalyzed Robot Schematics ------------------ None Fabricated ------------ Nothing Repaired ---------- Imp. Carbon-fiber Leg | 13% | -8/Materials Hacking Suite | 30% | -7/Factory Studied --------- Imp. Treads | -8/Materials | Hacked Imp. Carbon-fiber Leg | -7/Factory | Hacked Thunder Leg | -5/Factory | Hacked Smartbomb Launcher | -4/Factory | Hacked Scythe | -4/Factory | Hacked Alien Tech Used ----------------- None Achievements -------------- Construction Begets Destruction Not So Scrappy Scrappetite Challenges ------------ None Game ------ Seed IonAntisysThrower Manual? 0 Play Time 02:50:14 Cumulative 579.0 hours Start 2025.11.28 @ 14:24:28 End 2025.11.28 @ 17:32:00 Sessions 3 Manual Loads 0 Difficulty Rogue Special Mode None Game No. 176 Rogue 137 Adventurer 0 Explorer 39 Win Type - Total 16 Types 12/1/1/1/0/0/0/0/0/1 Lore% 81 Gallery% 74 Achievement% 52 Wizard Run 0 Options --------- Layout 0 ASCII 1 Keyboard 1 Movement Arrows Keybinds 0 Fullscreen 2 Font 36/Smallcaps Map View 76x50 Zoom Use 0% Tactical HUD 1 Map Filters NONE Filters NONE Steam 1 RUN: 99e8118e-5898-43ae-9365-8d21ad217c12